Unix NetHack Version 5.0.0-0 post-release - last build May 17 2026 04:57:42 (dc50c8380fa5e20985bfe3072449f57b8d9895ef,branch:main).

Game began 2026-05-18 04:23:13, ended 2026-05-18 16:44:30.

Brudee, chaotic female human Monk

                                                                    ---------
      } } } }                                                       }.}.}.}F|
      .......                                                        )......|
            ......                                                   .....%.|
                 .....                                                ......|
                    .......                                           ......|
                          ......                                       .....|
                            }........                                 }.....|
                            |............                     --------|P....|
                  --- } } } }.................  } } }       ---.}.}.}.}d....|
  |               }..................................       }...............|
  |......        ---).....f.......aa.....h...............  ---......:o%E[...|
  |...........G...c.......s...*..:............Z....)......d...d....d...@)...|
  |.................!.......................................................|
  |.........................................................................|
  |.........................................................................|
  | } } } } } } } } } } } } } } } } } } } } } } } } } } } } }.}.}.}.}.}.}.}%|
                                                            -----------------
Brudee the Student of Stones    St:18 Dx:14 Co:18 In:9 Wi:12 Ch:11  Chaotic S:38686
Dlvl:10 $:14 HP:0(71) Pw:66(66) AC:2  Xp:10/7547 T:10239 

Latest messages:
 You hit the Uruk-hai!
 You kill the Uruk-hai!
 o - a scroll of identify.
 You see here a crude short sword.
 I - a sapphire ring.
 You see here a pair of iron shoes.
 You hit the Uruk-hai!
 You kill the Uruk-hai!
 There are several objects here.
 The quantum mechanic hits!
 You are not affected.
 You hit the Uruk-hai!
 The Uruk-hai hurls a potion of paralysis!
 The vial crashes on your head and breaks into shards.
 The potion of paralysis evaporates.
 Something seems to be holding you.
 The quantum mechanic hits!
 You are not affected.
 The quantum mechanic hits!
 You are not affected.
 The quantum mechanic hits!
 You are not affected.
 You can move again.
 You hit the quantum mechanic!
 The Uruk-hai swings his crude bow.
 The Uruk-hai hits!
 The quantum mechanic hits!
 You are not affected.
 You hit the quantum mechanic!
 You hit the quantum mechanic!
 You kill the quantum mechanic!
 The Uruk-hai swings his crude bow.
 The Uruk-hai hits!
 The fire elemental hits!
 You avoid harm.
 You hit the Uruk-hai!
 You hit the fire elemental!
 You are suddenly very hot!
 The Uruk-hai swings his crude bow.
 The Uruk-hai hits!
 The fire elemental hits!
 You avoid harm.
 The winter wolf breathes frost!
 The blast of frost hits the fire elemental!
 The blast of frost hits you!
 One of your pink potions freezes and shatters!
 You hear the howling of the CwnAnnwn...
 You die...
 Do you want your possessions identified? [ynq] (y) y
 Do you want to see your attributes? [ynq] (y) q

Inventory:
 Coins    ('$')
  $ - 14 gold pieces
 Amulets  ('"')
  Z - an uncursed amulet of ESP (being worn)
  f - an uncursed amulet of life saving
  j - an uncursed amulet of reflection
  G - an uncursed amulet of reflection
  D - an uncursed amulet versus poison
 Weapons  (')')
  s - 32 +0 darts
  z - 4 cursed +0 shuriken
  T - a +0 elven dagger
  y - the rustproof +4 Dragonbane
 Armor    ('[')
  W - an uncursed +0 elven leather helm (being worn)
  K - an uncursed +2 pair of leather gloves (being worn)
  S - an uncursed +0 pair of speed boots (being worn)
  e - an uncursed +0 shield of shock resistance
  v - a cursed -1 alchemy smock with text "Kiss the cook"
  k - an uncursed +0 cloak of invisibility
  b - an uncursed +1 robe (being worn)
 Comestibles  ('%')
  U - 2 uncursed food rations
 Scrolls  ('?')
  h - an uncursed scroll of identify
  o - a cursed scroll of identify
 Potions  ('!')
  R - an uncursed potion of gain ability
  d - a blessed potion of levitation
  m - an uncursed potion of monster detection
  n - a blessed potion of object detection
  g - an uncursed potion of object detection
 Rings    ('=')
  H - a cursed ring of aggravate monster
  A - an uncursed ring of cold resistance
  c - an uncursed -1 ring of increase accuracy
  x - a blessed +0 ring of increase damage
  I - an uncursed ring of levitation
  w - an uncursed ring of shock resistance
  P - an uncursed ring of shock resistance
  O - an uncursed ring of slow digestion
  F - an uncursed ring of stealth (on right hand)
  M - an uncursed ring of sustain ability
 Wands    ('/')
  J - a wand of digging (0:3)
  Y - a wand of make invisible (0:6)
  l - a wand of polymorph (0:7)
  N - a wand of secret door detection (0:12)
  B - a wand of slow monster (0:5)
  t - a wand of speed monster (0:2)
  Q - a wand of stasis (0:4)
  L - a cursed wand of striking (0:0)
  C - a wand of teleportation (0:5)
 Tools    ('(')
  i - a blessed bag of holding containing 47 items
  r - an uncursed blindfold
  X - an uncursed lock pick
  p - a +0 pick-axe
  a - an uncursed stethoscope
  u - a +0 unicorn horn
 Gems/Stones  ('*')
  q - an uncursed worthless piece of white glass
  E - a blessed luckstone

Contents of the bag of holding:
  5726 gold pieces
  2 uncursed slime molds
  5 uncursed apples
  5 uncursed fortune cookies
  an uncursed orange
  2 uncursed tripe rations
  an uncursed tin of tengu meat
  an uncursed scroll of amnesia
  an uncursed scroll of blank paper
  an uncursed scroll of charging
  an uncursed scroll of confuse monster
  2 uncursed scrolls of create monster
  an uncursed scroll of destroy armor
  a blessed scroll of earth
  an uncursed scroll of earth
  an uncursed scroll of food detection
  an uncursed scroll of identify
  an uncursed scroll of light
  2 uncursed scrolls of remove curse
  an uncursed scroll of scare monster
  2 uncursed scrolls of teleportation
  a cursed scroll of teleportation
  an uncursed spellbook of blank paper
  an uncursed spellbook of clairvoyance
  an uncursed spellbook of confuse monster
  an uncursed spellbook of dig
  an uncursed spellbook of extra healing
  a blessed spellbook of healing
  an uncursed spellbook of jumping
  an uncursed spellbook of remove curse
  an uncursed potion of confusion
  an uncursed potion of enlightenment
  an uncursed potion of fruit juice
  an uncursed potion of gain energy
  an uncursed potion of hallucination
  2 uncursed potions of healing
  an uncursed potion of invisibility
  an uncursed potion of monster detection
  2 uncursed amethyst stones
  an uncursed chrysoberyl stone
  an uncursed diamond
  an uncursed garnet stone
  2 cursed opals
  2 uncursed worthless pieces of blue glass
  2 uncursed worthless pieces of orange glass
  an uncursed worthless piece of red glass
  2 uncursed worthless pieces of yellowish brown glass

Brudee the Monk's attributes:

Background:
 You were a Student of Stones, a level 10 female human Monk.
 You were chaotic, on a mission for Huan Ti
 who was opposed by Shan Lai Ching (lawful) and Chih Sung-tzu (neutral).
 You were right-handed.
 You were in the Dungeons of Doom, on level 10, a very big room.
 You entered the dungeon 10239 turns ago.
 There was a new moon in effect when your adventure ended.
 You had 7547 experience points, 2453 more were needed to attain level 11.
 Your score was 38686 before end-of-game adjustments.

Basics:
 You had 0 out of 71 hit points.
 You had all 66 energy points (spell power).
 Your armor class was 2.
 Your wallet contained 14 zorkmids, and
 you had 5726 more stashed away in your pack.
 Autopickup was on for '$"?+!=/' plus thrown.

Final Characteristics:
 Your strength was 18 (limit:18/100).
 Your dexterity was 14 (limit:18).
 Your constitution was 18 (limit:18).
 Your intelligence was 9 (limit:18).
 Your wisdom was 12 (peak:14, limit:18).
 Your charisma was 11 (limit:18).

Final Status:
 You weren't hungry.
 You were unencumbered.
 You were empty handed.
 You had master skill with martial arts and could have enhanced that.

Final Attributes:
 You were piously aligned.
 You were sleep resistant.
 You were poison resistant.
 You saw invisible.
 You were telepathic.
 You were warned.
 You had automatic searching.
 You were stealthy.
 You were guarded.
 Your spell casting was enhanced by wearing a robe.
 You were very fast.
 You were extremely lucky.
 You had extra luck.
 Good luck did not time out for you.
 You are dead.

Miscellaneous:
 You didn't encounter any bones levels.
 Total elapsed playing time was 2 hours, 23 minutes and 56 seconds.

Major events:
 Turn
    1: Brudee the chaotic female human Monk entered the dungeon
  401: entered the Gnomish Mines
 1102: attained the rank of Novice (level 3)
 1699: attained the rank of Initiate (level 6)
 1715: reached Mine Town
 4927: acquired the Mines' End luckstone
 7258: was bestowed with Dragonbane by Huan Ti
 8147: entered Sokoban
 8545: completed 1st Sokoban level
 8739: completed 2nd Sokoban level
 9087: completed 3rd Sokoban level
 9462: attained the rank of Student of Stones (level 10)
 9581: completed 4th Sokoban level
 9660: acquired the Sokoban amulet of reflection
10225: entered the Bigroom
10239: killed by a blast of frost exhaled by a winter wolf

Spells:
 Name                 Level Category     Fail Retention
 healing                1   healing        0%   41%-50%

Skills:
 Fighting Skills
   martial arts       [Master]
 Weapon Skills
   broadsword         [Basic]
   quarterstaff       [Unskilled]
   spear              [Unskilled]
   crossbow           [Unskilled]
   shuriken           [Unskilled]
 Spellcasting Skills
   attack spells      [Unskilled]
   healing spells     [Basic]
   divination spells  [Unskilled]
   enchantment spells [Unskilled]
   clerical spells    [Unskilled]
   escape spells      [Unskilled]
   matter spells      [Unskilled]

Voluntary challenges:
 Character rerolling was not enabled.
 You were vegetarian.
 You never genocided any monsters.
 You never polymorphed an object.
 You used no wishes.
 You violated the special Sokoban rules once.
Achievements:
 You entered a shop.
 You entered the Gnomish Mines.
 You attained the rank of Novice.
 You attained the rank of Initiate.
 You entered Minetown.
 You entered a temple.
 You completed the Gnomish Mines.
 You entered Sokoban.
 You attained the rank of Student of Stones.
 You completed Sokoban.
 You entered the Big Room.

 The Dungeons of Doom: levels 1 to 10
    Level 1:
       Some fountains.
    Level 2:
       A general store, an altar to Huan Ti.
       Stairs down to The Gnomish Mines.
    Level 3:
       A ring shop.
    Level 4:
       A weapon shop, a grave.
    Level 5:
       A throne, a grave.
    Level 6:
       A general store, an altar to Huan Ti, a fountain.
    Level 7:
    Level 8:
       A fountain.
       Stairs up to Sokoban, level 7.
    Level 9:
    Level 10: <- You were here.
       A very big room.
       Final resting place for
          you, killed by a blast of frost exhaled by a winter wolf.
 The Gnomish Mines: levels 3 to 10
    Level 3:
    Level 4:
    Level 5:
       Many shops, a temple and an altar, many fountains.
    Level 6:
    Level 7:
    Level 8:
    Level 9:
    Level 10:
       A fountain.
 Sokoban: levels 7 up to 4
    Level 4:
       Solved.
    Level 5:
       Solved.
    Level 6:
       Solved.
    Level 7:
       Solved.


Vanquished creatures:
  2 vampires
  2 giant mimics
  2 long worms
  a large mimic
  a giant zombie
  6 small mimics
  2 ettin mummies
  2 quantum mechanics
  2 trolls
  a wood golem
  a large dog
  a shocking sphere
  a gargoyle
  a dwarf ruler
  a tengu
  2 elf mummies
  a carnivorous ape
  2 ettin zombies
  2 watchmen
  a chameleon
  a crocodile
  a giant beetle
  3 quivering blobs
  3 cockatrices
  a wolf
  a winter wolf cub
  a gremlin
 14 leprechauns
  2 orc-captains
 an iron piercer
  4 giant spiders
  3 black lights
  a vampire bat
 an orc mummy
 an owlbear
  a yeti
  2 gold golems
  a lizard
  a dingo
  2 dwarf leaders
  3 gray unicorns
  a raven
  3 gnome mummies
  3 snakes
  6 water moccasins
 an ape
  a human zombie
  a rope golem
  4 fire ants
 12 bugbears
  2 water nymphs
  a mountain nymph
  4 Mordor orcs
 13 Uruk-hai
  2 orc shamans
  2 rock piercers
  3 fog clouds
  3 yellow lights
  a shrieker
 19 gnome leaders
  5 gnomish wizards
  2 kobold mummies
  a ghoul
  7 giant ants
  3 floating eyes
 19 dwarves
  a kobold leader
  7 hill orcs
 10 rothes
  a centipede
  2 giant bats
  3 orc zombies
  a dwarf zombie
  a werejackal
  4 iguanas
  2 acid blobs
  5 coyotes
  a gas spore
  6 hobbits
 10 manes
  2 large kobolds
 10 hobgoblins
  6 giant rats
  5 cave spiders
 69 gnomes
  5 garter snakes
  a gnome zombie
  3 geckos
  5 jackals
  4 foxes
  6 kobolds
  4 goblins
  4 sewer rats
 10 grid bugs
  5 bats
  8 lichens
  3 kobold zombies
  9 newts
414 creatures vanquished.

No species were genocided or became extinct.

Game over:
                       ----------
                      /          \
                     /    REST    \
                    /      IN      \
                   /     PEACE      \
                  /                  \
                  |      Brudee      |
                  |     5740 Au      |
                  |   killed by a    |
                  |  blast of frost  |
                  |   exhaled by a   |
                  |   winter wolf    |
                  |       2026       |
                 *|     *  *  *      | *
        _________)/\\_//(\/(/\)/\//\/|_)_______

Goodbye Brudee the Monk...

You died in The Dungeons of Doom on dungeon level 10 with 38112 points,
and 5740 pieces of gold, after 10239 moves.
You were level 10 with a maximum of 71 hit points when you died.

